 Dungeon Crawl Stone Soup version 0.30-a0-1074-g5db6f66fbb (webtiles) character file.

Game seed: 16866973235046444769

175 Aneyh the Trooper (level 5, -3/35 HPs)
             Began as a Tengu Fighter on Apr 13, 2023.
             Slain by Blork the orc
             ... wielding a +0 halberd
              (9 damage)
             ... on level 4 of the Dungeon.
             The game lasted 00:04:52 (2538 turns).

Aneyh the Trooper (Tengu Fighter)                   Turns: 2538, Time: 00:04:52

Health: -3/35      AC:  8    Str: 18    XL:     5   Next: 55%
Magic:  6/6        EV: 10    Int:  8    God:
Gold:   130        SH:  5    Dex: 14    Spells: 2/4 levels left

rFire   . . .      SeeInvis .    a - +0 flail
rCold   . . .      Faith    .    c - +0 buckler
rNeg    . . .      Spirit   .    b - +0 scale mail
rPois   .          Reflect  .    (helmet restricted)
rElec   .          Rampage  .    v - +0 cloak
rCorr   .                        (no gloves)
Will    .....                    (boots unavailable) Stlth
                                 (no amulet)
HPRegen 0.25/turn                (no ring)
MPRegen 0.10/turn                (no ring)

@: mighty, flying quickly and evasively, quick
A: beak, talons 3, nimble flight
a: no special abilities


You were on level 4 of the Dungeon.
You visited 1 branch of the dungeon, and saw 4 of its levels.

You collected 130 gold pieces.

Inventory:

Hand Weapons
 a - a +0 flail (weapon)
 k - a +1 dagger of holy wrath
 o - a +0 trident
 r - a +0 scimitar
 y - a +0 shortbow
Armour
 b - a +0 scale mail (worn)
 c - a +0 buckler (worn)
 v - a +0 cloak (worn)
Magical Staves
 j - a staff of conjuration
Jewellery
 f - a +6 ring of intelligence
Scrolls
 e - a scroll of noise {unknown}
 g - 2 scrolls of fear {unknown}
 i - 4 scrolls of identify {unknown}
 m - 2 scrolls of vulnerability {unknown}
 n - a scroll of silence {unknown}
 q - 2 scrolls of amnesia {unknown}
 s - 3 scrolls of enchant weapon {unknown}
 u - a scroll of brand weapon {unknown}
 z - a scroll of poison {unknown}
 B - a scroll of teleportation {unknown}
Potions
 d - 2 potions of might
 h - 2 potions of haste {unknown}
 l - a potion of mutation {unknown}
 p - a potion of degeneration {unknown}
 t - a potion of berserk rage {unknown}
 w - a potion of lignification {unknown}
 x - a potion of magic {unknown}
 A - a potion of cancellation {unknown}


   Skills:
 * Level 5.1 Fighting
 - Level 2.1 Maces & Flails
 + Level 4.7 Armour
 - Level 3.0 Shields


You had 2 spell levels left.
You knew the following spells:

 Your Spells              Type           Power      Damage    Failure   Level
a - Call Imp              Summ           0%         N/A       95%         2

Your spell library contained the following spells:

 Spells                   Type           Power      Damage    Failure   Level
 Magic Dart               Conj           0%         1d3       86%         1
 Mephitic Cloud           Conj/Pois/Air  0%         N/A       99%         3
 Ozocubu's Armour         Ice            0%         N/A       99%         3
 Ozocubu's Refrigeration  Ice            0%         4d7       100%        7


Dungeon Overview and Level Annotations

Branches:
Dungeon (4/15)
 Temple: D:4-7

Altars:

Annotations:
D:4 Blork the orc


Innate Abilities, Weirdness & Mutations

You have a beak for a mouth.
You have claws for feet.
Your magical nature lets you fly swiftly and evasively.


Message History

The kobold hits you with a +0 short sword.
You block the kobold's attack.
You closely miss the kobold. You peck the kobold.
The kobold is heavily wounded.
You block the kobold's attack.
A kobold is nearby!
You hit the kobold.
You kill the kobold!
You see here a +0 short sword.
You see here a +0 mace.
You now have 130 gold pieces (gained 15).
Found a stone staircase leading up.
There is a stone staircase leading up here.
Found a stone staircase leading down.
Blork the orc comes into view.
He is wielding a +0 halberd.
Found a scroll labelled DUUVUI TELAKI.
Blork the orc gestures at you while chanting.
The puff of flame hits you!
Found a wooden ring.
Found a yellow potion.
Blork the orc looks satisfied for a moment.
You barely miss Blork the orc.
Blork the orc hits you with a +0 halberd!
Blork the orc hits you with a +0 halberd.
You hit Blork the orc.
Blork the orc is lightly wounded.
Blork the orc mumbles some strange words.
Blork the orc seems to speed up.
You hit Blork the orc. Your peck misses Blork the orc.
Blork the orc is moderately wounded.
Blork the orc hits you with a +0 halberd!
* * * LOW HITPOINT WARNING * * *
You block Blork the orc's attack.
You are too injured to fight recklessly!
You feel very mighty all of a sudden. Blork the orc misses you.
You hit Blork the orc. You claw Blork the orc! You peck Blork the orc.
Blork the orc is severely wounded.
Blork the orc hits you with a +0 halberd!
You die...

....# ....# ....# ....#
....# .#### ## .# #.## #
.# ##########.#####...!
.# #...........@o.?....
.####.###.######.#.###=.
......# #.# ##.##
.##.#.###.# ##
###.#.>...# ###.#######
...... .##.# ....####


You could see Blork the orc (fast).

Vanquished Creatures
  A centaur (D:4)
  2 adders
  2 worms
  5 dart slugs
  An orc (D:4)
  8 ball pythons
  3 endoplasms
  A giant cockroach (D:4)
  5 goblins
  9 hobgoblins
  5 kobolds
  4 quokkas
  9 bats
  4 frilled lizards
  10 rats
69 creatures vanquished.

Notes
Turn   | Place    | Note
-------+----------+-------------------------------------------
     0 | D:1      | Aneyh the Tengu Fighter began the quest for the Orb.
     0 | D:1      | Reached XP level 1. HP: 14/14 MP: 2/2
   196 | D:1      | Reached XP level 2. HP: 15/19 MP: 3/3
   443 | D:1      | Reached XP level 3. HP: 24/24 MP: 4/4
   828 | D:2      | Reached skill level 4 in Fighting
   975 | D:2      | Reached XP level 4. HP: 29/29 MP: 5/5
  1130 | D:2      | Found a faded altar of an unknown god.
  1960 | D:3      | Learned a level 2 spell: Call Imp
  1984 | D:4      | Noticed a centaur
  2030 | D:4      | Killed a centaur
  2031 | D:4      | Reached skill level 5 in Fighting
  2031 | D:4      | Gained mutation: Your magical nature lets you fly swiftly
                  | and evasively. [Tengu growth]
  2031 | D:4      | Reached XP level 5. HP: 35/35 MP: 6/6
  2529 | D:4      | Noticed Blork the orc
  2538 | D:4      | Slain by Blork the orc

Illustrated notes

Levels and vault maps discovered:
D:1:      lemuel_arrival_tunnels, layout_basic
D:2:      layout_rooms, basic_ecumenical_altar, st_stairs_10
D:3:      layout_rooms, kennysheep_path_1, chequers_serial_rivers_large_b,
          nicolae_titane
D:4:      layout_loops_ring, uniq_blork_the_orc

Skill      XL: |  1  2  3  4 |
---------------+-------------+-----
Fighting       | 4 5 |  5.1
Armour         | 4 |  4.7
Maces & Flails | |  2.1
Shields        | |  3.0

Action                     |  1- 3 |  4- 6 || total
---------------------------+-------+-------++-------
  Melee: Flail             |    92 |    66 ||   158
         Kick              |    19 |    12 ||    31
         Peck              |    14 |     7 ||    21
    Use: Potion            |       |     1 ||     1
 Armour: Scale mail        |    43 |    27 ||    70
  Dodge: Dodged            |    40 |    34 ||    74
  Block: Buckler           |    21 |    15 ||    36

Table legend: (Time is in decaauts)
 A = Elapsed time spent in this place.
 B = Non-inter-level travel time spent in this place.
 C = Inter-level travel time spent in this place.
 D = Time resting spent in this place.
 E = Time spent auto-exploring this place.
 F = Levels seen in this place.
 G = Mean time per level.
                   A        B        C        D        E       F      G
               +--------+--------+--------+--------+--------+-----+--------+
         Total |   2577 |   2522 |     55 |    356 |   1703 |   4 |  644.2 |
       Dungeon |   2577 |   2522 |     55 |    356 |   1703 |   4 |  644.2 |
               +--------+--------+--------+--------+--------+-----+--------+

Top non-repeatable levels by time:
     D:1: 812 daAuts
     D:2: 647 daAuts
     D:3: 623 daAuts
     D:4: 493 daAuts
